Cogmind - Beta 12 @@@ ROGUE MODE // 2023.04.05 @ 21:11:03 Player: charson Result: Destroyed by W2-UXX(h) with Bore Cannon Performance ------------- Evolutions (0) 0 Regions Visited (4) 800 Robots Destroyed (22) 110 Value Destroyed (515) 515 Prototype IDs (23) 460 Alien Tech Used (0) 0 Bonus (129) 129 TOTAL SCORE: 2014 Bonus ------- Follower Combat Kills 146 Friendly Fire -17 Cogmind --------- Core Integrity 0/250 Matter 280/300 Energy 148/150 System Corruption 0% Temperature Cool (4) Movement Treading (480) Ox4 Location -9/Mines Parts ------- > --- POWER (1) -------- Light Angular Momentum Engine > --- PROPULSION (2) --- Light Treads > --- UTILITY (2) ------ Huge Storage Unit > --- WEAPON (2) ------- Flak Gun > --- INVENTORY (25) --- Improved Ion Engine Micro Nuclear Core Light Treads Gravmag System VTOL Module VTOL Module Visual Processing Unit Makeshift Sensor Array Signal Interpreter 0b10 Alert Chip Makeshift Salvage Targeting Computer Targeting Computer Matter Filter Makeshift Transmission Jammer Layered Light Armor Plating Layered Light Armor Plating Medium Reactive Plating Tractor Beam Shock Rifle Beam Cannon Gauss Rifle Improved Light Cannon Improved Light Cannon Powered Hammer Peak State ------------ > --- POWER ------------ Light Angular Momentum Engine > --- PROPULSION ------- Light Treads Light Treads > --- UTILITY ---------- Improved Heat Sink Huge Storage Unit > --- WEAPON ----------- EM Pulse Gun Beam Cannon > --- INVENTORY -------- Improved Ion Engine Improved Ion Engine Light Treads Light Treads Gravmag System VTOL Module VTOL Module Visual Processing Unit Makeshift Sensor Array Signal Interpreter 0b10 Alert Chip Makeshift Salvage Targeting Computer Targeting Computer Matter Filter Makeshift Transmission Jammer Layered Light Armor Plating Tractor Beam Shock Rifle Gauss Rifle Makeshift Shrapnel Gun Improved Light Cannon Improved Light Cannon Grenade Launcher Flail Powered Hammer [Rating: 20] Favorites ----------- Power Light Angular Momentum Engine Engine Light Angular Momentum Engine Propulsion Light Treads Treads Light Treads Utility Improved Heat Sink Device Improved Heat Sink Storage Huge Storage Unit Weapon EM Pulse Gun Energy Gun EM Pulse Gun Energy Cannon Beam Cannon Ballistic Gun Light Assault Rifle Launcher Grenade Launcher Build | -11 -10 -10 -10 -9 ------- Run | Jun Mat Min Exi Min Slots Evolved . | . . . . . Power . | . . . . . Propulsion . | . . . . . Utility . | . . . . . Weapon . | . . . . . Parts Attached 24 | 7 12 1 . 4 Power 5 | 1 3 1 . . Engine 5 | 1 3 1 . . Core . | . . . . . Reactor . | . . . . . Propulsion 4 | 2 1 . . 1 Treads 4 | 2 1 . . 1 Leg . | . . . . . Wheel . | . . . . . Hover . | . . . . . Flight . | . . . . . Utility 6 | 2 4 . . . Device 3 | 1 2 . . . Storage 3 | 1 2 . . . Processor . | . . . . . Hackware . | . . . . . Protection . | . . . . . Artifact . | . . . . . Weapon 9 | 2 4 . . 3 Energy Gun 2 | 1 1 . . . Energy Cannon 3 | . 2 . . 1 Ballistic Gun 2 | 1 . . . 1 Ballistic Cannon . | . . . . . Launcher 2 | . 1 . . 1 Special Weapon . | . . . . . Impact Weapon . | . . . . . Slashing Weapon . | . . . . . Piercing Weapon . | . . . . . Special Melee Weapon . | . . . . . Unidentified Prototypes . | . . . . . Parts Lost 5 | . 1 . . 4 Power . | . . . . . Propulsion 1 | . . . . 1 Utility 2 | . 1 . . 1 Weapon 2 | . . . . 2 Highest Loss Streak 4 | . 1 . . 4 To Critical Strikes . | . . . . . Average Slot Usage (%) 99 | . 99 100 100 99 Engine 14 | . 14 14 14 14 Treads 28 | . 28 28 28 28 Device 13 | . 13 14 14 13 Storage 14 | . 14 14 14 14 Energy Gun 14 | . 14 14 14 14 Energy Cannon 12 | . 8 14 14 13 Ballistic Gun 1 | . 5 . . . Naked Turns . | . . . . . Heaviest Build 95 | 13 93 95 95 95 Greatest Support 40 | 40 40 40 40 40 Greatest Overweight (x) 2 | . 2 2 2 2 Average Overweight (x) 1 | . . 2 2 2 Largest Inventory Capacity 25 | 8 25 25 25 25 Average Capacity 22 | 7 16 25 25 25 Most Carried 25 | 8 25 25 25 25 Average Carried 21 | 4 13 24 24 24 Final Capacity 25 | 8 25 25 25 25 Final Carried 25 | 8 25 25 25 24 Class Distribution -------------------- 83% | Mutant 16% | Commander-Mutant Dominant Class ---------------- Mutant | -10/Materials Mutant | -10/Mines Mutant | -10/Exiles Commander-Mutant | -9/Mines Resources | -11 -10 -10 -10 -9 ----------- Run | Jun Mat Min Exi Min Matter Collected 610 | 239 343 10 . 18 Remotely . | . . . . . Salvage Created 1013 | 36 496 145 265 71 Parts 52 | 7 27 2 13 3 Haulers Intercepted 1 | . 1 . . . Recyclers Shooed 1 | . . 1 . . Parts Field Recycled . | . . . . . Retrieved Matter . | . . . . . Parts Self-Destructed . | . . . . . Prevented . | . . . . . Kills | -11 -10 -10 -10 -9 ------- Run | Jun Mat Min Exi Min Combat Hostiles Destroyed 16 | . 9 3 . 4 Guns 14 | . 9 1 . 4 Cannons 2 | . . 2 . . Classes Destroyed 9 | 1 6 . . 2 Worker 1 | . 1 . . . Tunneler 2 | 2 . . . . Hauler 1 | . 1 . . . Recycler 1 | . 1 . . . Watcher 3 | . 3 . . . Swarmer 4 | . 3 . . 1 Grunt 9 | . 6 3 . . Brawler 1 | . . . . 1 Assembled 2 | . . . . 2 Best Kill Streak 3 | 1 3 2 . 2 Combat Bots Only 3 | . 3 2 . 2 Max Kills in Single Turn 2 | 1 2 1 . 1 Gunslinging . | . . . . . Exploded . | . . . . . Melee . | . . . . . Uniques/NPCs Destroyed . | . . . . . Combat | -11 -10 -10 -10 -9 -------- Run | Jun Mat Min Exi Min Damage Taken 1135 | . 360 95 . 680 Core 261 | . 63 . . 198 Absorbed by Shields . | . . . . . Core Remaining (%) 100 | 100 . . . . Volleys Fired 159 | 3 44 18 83 11 Largest 2 | 2 2 2 1 2 Hottest 100 | 60 100 100 60 68 Shots Fired 205 | 6 84 20 83 12 Gun 143 | 6 77 2 47 11 Cannon 60 | . 6 18 36 . Launcher 2 | . 1 . . 1 Special . | . . . . . Kinetic 41 | 3 37 . . 1 Thermal 97 | 3 40 18 36 . Explosive 2 | . 1 . . 1 Electromagnetic 65 | . 6 2 47 10 Robot Hit Streak 17 | 4 17 11 9 11 Robot Miss Streak 5 | 1 3 5 3 3 Penetration Max . | . . . . . Secondary Targets 1 | . . . . 1 Max Gunslinging Chain 1 | . . . . 1 Shots Hit Robots 148 | 4 57 13 65 9 Core Hits 59 | 2 25 3 21 8 Critical Kills 1 | . 1 . . . Critical Parts Destroyed 1 | 1 . . . . Critical Strikes 5 | 1 1 . 2 1 Meltdown 1 | . 1 . . . Destroy 1 | 1 . . . . Corrupt 3 | . . . 2 1 Melee Attacks . | . . . . . Impact . | . . . . . Slashing . | . . . . . Piercing . | . . . . . Sneak Attacks . | . . . . . Combat Hostiles . | . . . . . Follow-up Attacks . | . . . . . Damage Inflicted 1899 | 41 666 236 813 143 Guns 1030 | 41 606 13 271 99 Cannons 814 | . 55 217 542 . Explosions 14 | . . . . 14 Melee . | . . . . . Ramming 41 | . 5 6 . 30 Kinetic 232 | 19 198 . . 15 Thermal 1170 | 22 389 217 542 . Explosive 14 | . . . . 14 Electromagnetic 442 | . 74 13 271 84 Impact . | . . . . . Slashing . | . . . . . Piercing . | . . . . . Highest Corruption . | . . . . . Average Corruption . | . . . . . Corruption Purged . | . . . . . Corruption Blocked . | . . . . . Overload Shots . | . . . . . Overflow Damage 16 | . . . 16 . Projectiles 16 | . . . 16 . Explosions . | . . . . . Melee . | . . . . . Knockbacks . | . . . . . Impact . | . . . . . Kinetic . | . . . . . Secondary . | . . . . . Self-Inflicted Damage . | . . . . . Shots . | . . . . . Rammed 9 | . 1 1 . 7 Targets Rammed 10 | . 2 1 . 7 Kicked . | . . . . . Crushed 1 | . 1 . . . Highest Temperature 121 | 40 121 30 . 12 Average Temperature 33 | 19 41 20 . 5 Received Heat Transfer 285 | . 195 69 . 21 Siege Activations . | . . . . . Robots Corrupted . | . . . . . Combat Hostiles . | . . . . . Parts Fried 1 | . . . 1 . Impact Corruptions . | . . . . . Robots Melted 1 | . 1 . . . Combat Hostiles . | . . . . . Parts Melted 3 | . 1 2 . . Heat Transferred 2502 | 50 861 444 1147 . Parts Sabotaged . | . . . . . Parts Stolen . | . . . . . Parts Stripped . | . . . . . Power Chain Reactions . | . . . . . Missiles Intercepted . | . . . . . Alert | -11 -10 -10 -10 -9 ------- Run | Jun Mat Min Exi Min Peak Influence 226 | 10 226 100 . 127 Initial 6 | . 6 . . . Average 35 | 2 36 28 . 42 Maximum Alert Level 1 | . 1 . . . Low Security (%) 98 | 100 97 100 . 100 Level 1 1 | . 2 . . . Level 2 . | . . . . . Level 3 . | . . . . . Level 4 . | . . . . . Level 5 . | . . . . . High Security . | . . . . . Max Security . | . . . . . Squads Dispatched 3 | . 1 2 . . Investigation 2 | . 1 1 . . Extermination . | . . . . . Reinforcement . | . . . . . Assault 1 | . . 1 . . Garrison . | . . . . . Intercept . | . . . . . Searches Triggered . | . . . . . Construction Impeded . | . . . . . Haulers Reinforced . | . . . . . Active Scanning Responses . | . . . . . Cargo Convoy Interrupts . | . . . . . Stealth | -11 -10 -10 -10 -9 --------- Run | Jun Mat Min Exi Min Distress Signals 1 | . . . . 1 Communications Jammed . | . . . . . Distress Signals . | . . . . . Times Spotted 51 | . 18 8 . 25 Peak Tracking Total 9 | . 3 3 . 9 Tactical Retreats . | . . . . . Traps | -11 -10 -10 -10 -9 ------- Run | Jun Mat Min Exi Min Traps Triggered 1 | . 1 . . . Indirectly . | . . . . . Trap Hack Attempts . | . . . . . Triggered . | . . . . . Disarmed . | . . . . . Reprogrammed 6 | . 6 . . . Reused . | . . . . . Traps Extracted . | . . . . . Installed . | . . . . . Triggered . | . . . . . Machines | -11 -10 -10 -10 -9 ---------- Run | Jun Mat Min Exi Min Machines Disabled 1 | . . . . 1 Max in Single Turn . | . . . . . Machines Repaired . | . . . . . Machines Sabotaged . | . . . . . Overloaded Fab Kills . | . . . . . Hacking | -11 -10 -10 -10 -9 --------- Run | Jun Mat Min Exi Min Machines Accessed 15 | . 9 2 3 1 Terminals 10 | . 8 2 . . Fabricators . | . . . . . Repair Stations . | . . . . . Recycling Units 1 | . 1 . . . Scanalyzers . | . . . . . Garrison Access . | . . . . . Total Hacks 68 | . 37 5 25 1 Successful 45 | . 17 2 25 1 Failed 23 | . 20 3 . . Catastrophic 3 | . 2 1 . . Database Lockouts . | . . . . . Manual 25 | . 21 3 1 . Terminals 41 | . 36 5 . . Fabricators . | . . . . . Repair Stations . | . . . . . Recycling Units 1 | . 1 . . . Scanalyzers . | . . . . . Garrison Access . | . . . . . Terminal Hacks 39 | . 12 1 25 1 Record 24 | . . . 24 . Robot Analysis 4 | . 4 . . . Open Door 1 | . . . . 1 Emergency Access Points 1 | . 1 . . . Terminal Index 1 | . 1 . . . Unreport Threat 1 | . 1 . . . Locate Traps 1 | . 1 . . . Reprogram Traps 1 | . 1 . . . Hauler Manifests 1 | . 1 . . . Zone Layout 3 | . 2 1 . . EX-Prototype ID Bank 1 | . . . 1 . Fabricator Hacks . | . . . . . Repair Station Hacks . | . . . . . Recycling Unit Hacks 1 | . 1 . . . Retrieve Components 1 | . 1 . . . Scanalyzer . | . . . . . Garrison Access Hacks . | . . . . . Unauthorized Hacks 5 | . 4 1 . . Terminals 5 | . 4 1 . . Track 3 | . 2 1 . . Botnet 2 | . 2 . . . Fabricators . | . . . . . Repair Stations . | . . . . . Recycling Units . | . . . . . Scanalyzers . | . . . . . Garrison Access . | . . . . . Data Cores Recovered . | . . . . . Used . | . . . . . Hacking Detections 10 | . 8 2 . . Full Trace Events 1 | . . 1 . . Feedback Events . | . . . . . Feedback Blocked . | . . . . . Robot Schematics Acquired . | . . . . . Robots Built . | . . . . . Authchips . | . . . . . Time . | . . . . . Total Robot Build Rating . | . . . . . Part Schematics Acquired . | . . . . . Parts Built . | . . . . . Authchips . | . . . . . Time . | . . . . . Total Part Build Rating . | . . . . . Parts Repaired . | . . . . . Time . | . . . . . Parts Recycled . | . . . . . Recycled Matter . | . . . . . Retrieved Matter . | . . . . . Retrieved Components 9 | . 9 . . . Parts Scanalyzed . | . . . . . Part Schematics Acquired . | . . . . . Parts Damaged . | . . . . . Bothacking | -11 -10 -10 -10 -9 ------------ Run | Jun Mat Min Exi Min Used RIF Installer . | . . . . . Robots Hacked . | . . . . . Non-combat . | . . . . . Combat . | . . . . . Robot Hacks Applied . | . . . . . Relay Couplers Released . | . . . . . Fabnet Peak Effective % . | . . . . . Robots Rewired 3 | . . . 3 . Allies Hacked . | . . . . . Hacks Repelled . | . . . . . Allies | -11 -10 -10 -10 -9 -------- Run | Jun Mat Min Exi Min Total Allies 7 | . . 1 3 3 Largest Group 5 | . . 1 3 5 Highest-Rated Group 69 | . . 31 37 69 Highest-Rated Ally 31 | . . 31 21 21 Total Orders 4 | . . . 2 2 STAY 2 | . . . 1 1 FOLLOW 2 | . . . 1 1 Ally Attacks 29 | . . 11 . 18 Total Damage 571 | . . 210 . 361 Kills 8 | . . 3 . 5 Allies Corrupted . | . . . . . Allies Melted . | . . . . . Intel | -11 -10 -10 -10 -9 ------- Run | Jun Mat Min Exi Min Robot Analysis Total 4 | . 4 . . . Derelict Logs Recovered 1 | . . . . 1 Drone Launches . | . . . . . Drone Recoveries . | . . . . . Exploration | -11 -10 -10 -10 -9 ------------- Run | Jun Mat Min Exi Min Turns Passed 6562 | 117 1771 1379 1891 1404 Spaces Moved 2140 | 57 735 411 518 419 Core 2 | 2 . . . . Treads 2138 | 55 735 411 518 419 Legs . | . . . . . Wheels . | . . . . . Hover . | . . . . . Flight . | . . . . . Fastest Speed 50 | 50 160 320 320 320 Average Speed 279 | 156 214 320 320 320 Slowest Speed 320 | 160 320 320 320 320 Overloaded Moves . | . . . . . Propulsion Burnouts . | . . . . . Robots Hopped . | . . . . . Cave-ins Triggered . | . . . . . Exploration Rate (%) 72 | 5 99 89 90 81 Regions Visited 4 Branch Regions 3 Pre-discovered Areas 2 | . . 1 1 . Known Exits Taken . | . . . . . Unknown Exits Taken 4 | 1 1 1 1 . Scrap Searched 2 | . . 1 . 1 Spaces Dug 6 | . 6 . . . Terrain Destroyed 13 | . 6 . . 7 Melee . | . . . . . Projectile . | . . . . . AOE 13 | . 6 . . 7 Terrain Rammed . | . . . . . Walls Destroyed . | . . . . . Machines Disabled . | . . . . . Actions | -11 -10 -10 -10 -9 --------- Run | Jun Mat Min Exi Min Total 2535 | 76 865 455 678 461 Wait 46 | 2 16 22 3 3 Move 2136 | 56 734 410 517 419 Hop . | . . . . . Pick Up 61 | 8 33 1 11 8 Fast Attach 11 | 7 2 1 . 1 Attach 3 | . 1 . . 2 Detach . | . . . . . Swap 10 | . 9 . . 1 Drop 46 | . 24 2 11 9 Fire 159 | 3 44 18 83 11 Melee . | . . . . . Ram . | . . . . . Kick . | . . . . . Crush 10 | . 2 1 . 7 Escape Stasis . | . . . . . Rewire 53 | . . . 53 . Trap . | . . . . . Miscellaneous . | . . . . . Route ------- -11/Junkyard -10/Materials (discovered 5 exits: [*Mat x3] / *Min x2) -10/Mines (discovered 3 exits: [*Mat x2] / *Exi) -10/Exiles -9/Mines History --------- Turn | Location | Event 50 | -11/Junkyard | Discovered new exit (range 15) 118 | -11/Junkyard | Entered Materials 208 | -10/Materials | Discovered new exit (range 15) 243 | -10/Materials | Discovered new exit (range 6) 305 | -10/Materials | Build established: Mutant 442 | -10/Materials | Discovered new exit (range 5) 880 | -10/Materials | Discovered new exit (range 15) 1159 | -10/Materials | Discovered new exit (range 13) 1889 | -10/Materials | Entered Mines 1905 | -10/Mines | Discovered new exit (range 9) 1913 | -10/Mines | Met a Derelict testing a Signal Generator 2054 | -10/Mines | Learned location of Storage (-7) 2318 | -10/Mines | YI-UF0 nonchalantly dropped a Grenade Launcher on the ground 2763 | -10/Mines | Discovered new exit (range 3) 3255 | -10/Mines | Deemed a non-threat by the Exiles lab entrance 3255 | -10/Mines | Discovered new exit (range 5) 3268 | -10/Mines | Entered Exiles 3268 | -10/Exiles | Found Exiles lab destroyed 3640 | -10/Exiles | Learned location of Zion (-7) 4570 | -10/Exiles | Opened EX-Vault 4593 | -10/Exiles | Found 0b10 Alert Chip 5123 | -10/Exiles | Discovered new exit (range 12) 5159 | -10/Exiles | Entered Mines 5159 | -9/Mines | Accompanied by 3 allies 5166 | -9/Mines | Received a Rocket Launcher from a helpful Derelict 5267 | -9/Mines | Found a hidden stash of uninstalled traps 5465 | -9/Mines | Assisted by bots powering up and referring to "LRC-V3" 5542 | -9/Mines | Learned 2 Materials zone layouts 5687 | -9/Mines | Met a Derelict who couldn't figure out how to use a Trap Extractor 5765 | -9/Mines | Build established: Commander-Mutant 6525 | -9/Mines | Assembled infested the area 6530 | -9/Mines | Assisted by a Guerilla fighting off Assembled 6540 | -9/Mines | Core integrity fell below 50% 6552 | -9/Mines | Core integrity fell below 20% 6563 | -9/Mines | Destroyed by W2-UXX(h) with Bore Cannon Last Messages --------------- 06548_ as-30415 destroyed. 06549_ HV Slug penetrates K-01 Serf. 06549_ K-01 Serf knocked back. 06550_ as-96436 destroyed. 06550_ as-76064 destroyed. 06550_ as-35571 destroyed. 06551_ The unstable cave ceiling collapses. 06555_ as-87000 destroyed. 06555_ HV Slug penetrates D-53 Grenadier. 06555_ D-53 Grenadier destroyed. 06556_ The unstable cave ceiling collapses. 06557_ D-53 Grenadier destroyed. 06558_ The unstable cave ceiling collapses. 06559_ HV Slug penetrates Earth. 06560_ The unstable cave ceiling collapses. 06561_ Lgt. Treads destroyed. 06562_ as-69833 destroyed. 06562_ Switching to secondary target: as-71947. 06563_ The unstable cave ceiling collapses. 06563_ EM Pulse Gun destroyed. Map ----- +----------------------------------------------------+ | ?????????## #??###?????????# #???????# #? | | ??????????### ##??# ##????????# #???????# ## | | ????????????# ##???# #????????# #???????# | | ????????????# #????# ##???????# #???????# | | ????????????# ###### ##??????# #???????#### | | ????????????# / ##?????# ####???????? | | ????????????# / #?????# #???????? | | ????????????### ##### #?????#### #???????? | | ??????????????# #???## ##????????# #???????? | | ??????????????# #????#####?????????# ######### | | ??????????????# #??????????????????# # | | ??????????????# #??????????????????# | | ??????????????# #??????????????????###### | | ??????????????# #???????????????????????# | | ??????????????# ####????????????????????# | | ??????????????# #????????????????##### | | ??????????????####[#???????########## ## | | ?????????????????#!#???????# % % | | ?????????????????#!###?????# ####### ## | | ?????????????????#= %#????## #####?## #####?# | | ?????????????????###%##?##;;h;;;;##?####?????? | | ?????????????????## = ### ;#??????????? | | ????????????????## % % ;#??????????? | | ????????????????# # ;#??????????? | | ????????????????# #???????????? | | ????????????????# a@ #???????????? | | ????????????????# % % # #???????????? | | ????????????????# # ;##???????????? | | ???????????????# # #?????????????? | | ???????????????# #a %! #?????????????? | | ???????????????# a * % ????????? | | ???????????????# ] ????????? | | ???????????????# ?????????? | | ???????????????# ?????????? | | ??????????????? # ## #### ??????????? | | ??????????????## #########?##????# ??????????? | | ???????????????##????????????????????????????? | | ????????????????????????????????????????????## | | ????????????????????????????????????????????# | | ????????????????????????????????????????????# | | ????????????????????????????????????????????# | | ????????????????????????????????????????????## | | ?????????????????????????????????????????????? | | ?????????????????????????????????????????????? | | ?????????????????????????????????????????????? | | ?????????????????????????????????????????????? | | ?????????????????????????????????????????????? | | ?????????????????????????????????????????????? | | ?????????????????????????????????????????????? | | ?????????????????????????????????????????????? | +----------------------------------------------------+ Best States ------------- Heat Dissipation 39 Energy Generation 18 Energy Capacity 265 Matter Stores 300 Matter Capacity 300 Sight Range 16 Terrain Scan Density 10 Evasion (%) 40 Recoil Reduction 2 Item Schematics ----------------- None Robot Schematics ------------------ None Fabricated ------------ Nothing Alien Tech Used ----------------- None Achievements -------------- None Challenges ------------ None Game ------ Seed IonCouplerRedirector Manual? 0 Play Time 00:41:57 Cumulative 22.0 hours Start 2023.03.26 @ 19:24:32 End 2023.04.05 @ 21:11:03 Sessions 7 Manual Loads 0 Difficulty Rogue Special Mode None Game No. 19 Rogue 19 Adventurer 0 Explorer 0 Win Type - Total 0 Types 0/0/0/0/0/0/0/0/0 Lore% 36 Gallery% 34 Achievement% 38 Wizard Run 0 Options --------- ASCII 1 Keyboard 1 Movement Numpad Keybinds 0 Fullscreen 1 Font 12/Smallcaps Map View 83x54 Tactical HUD 1 Map Filters NONE Filters NONE Steam 1 RUN: de890496-1dea-4d9e-b576-3c2a3fbed623